AoeStats
← l3141516

Arabia

509537355Analyzed
3v3 RM · 4d ago on Sep 27, 2026· 20m 0s· 6 players
Game mode
Random Map
Map size
Normal (6 player)
Population
200
Speed
Normal
Resources
Standard
Victory
Conquest
Starting age
Dark Age
Ending age
Imperial Age
RankedLock teamsTeams togetherTeam positionsShared explorationLock speedFull tech treeHidden civsTurbo modeCheats
Victory
Defeat
🇺🇸 Magyars · United States
886
+13
🇺🇸 Varangians · United States
872
+14
🇺🇸 Goths · United States
636
+22
🇺🇸 Huns · United States
830
-17
🇨🇦 Cumans · Canada
819
-41
🇵🇪 Khmer · Peru
783
-15
richcardo
11:05 Feudal Age
13:34 Horse Collar
Obtuse05
10:32 Feudal Age
11:10 Double-Bit Axe
11:09 Horse Collar
13:57 Bloodlines
14:04 Bloodlines
El_Festeezio
12:24 Feudal Age
12:46 Horse Collar
Thots_and_Prayers
11:13 Feudal Age
15:39 Loom
20:44 Castle Age
StormyShogun677
14:45 Feudal Age
16:26 Double-Bit Axe
17:04 Horse Collar
l3141516
1:11 Loom
12:52 Feudal Age
18:55 Castle Age
Connection lost

Rejoining the realm…

Still unreachable

The connection could not be restored.

Session expired

The server has moved on; the page needs a fresh start.